 Dungeon Crawl Stone Soup version 0.30.0 (webtiles) character file.

Game seed: 4509271398186269776

5617 porkupine the Firebug (level 10, -2/136 HPs)
             Began as a Naga Fire Elementalist on May 11, 2023.
             Was an Initiate of Yredelemnul.
             Slain by a kobold brigand
             ... wielding a +0 short sword
              (4 damage)
             ... on level 10 of the Dungeon on May 12, 2023.
             The game lasted 00:45:27 (9498 turns).

porkupine the Firebug (Naga Fire Elementalist)      Turns: 9498, Time: 00:45:28

Health: -2/136     AC:  7    Str: 11    XL:     10   Next: 73%
Magic:  12/27      EV: 11    Int: 20    God:    Yredelemnul [......]
Gold:   546        SH:  5    Dex: 11    Spells: 5/20 levels left

rFire   + + .        b - staff of fire
rCold   x . .        Z - orb {*Rage}
rNeg    . . .        z - +0 robe
rPois   +            (no helmet)
rElec   .            (no cloak)
rCorr   .            J - +2 pair of gloves
SInv    +            (no barding)
Will    +....        O - amulet of reflection Stlth
                     h - ring of fire
HPRegen 0.42/turn    H - ring of magical power
MPRegen 0.20/turn

%: random rage (20%), reflection
@: berserking, lethally poisoned (-2 -> -5), flying, quick
A: AC +3, large, see invisible, deformed body, poison resistance, slowness 2,
spit poison 1, naga tail 1
a: Spit Poison, Renounce Religion, Recall Undead Harvest


You were on level 10 of the Dungeon.
You worshipped Yredelemnul.
Yredelemnul was noncommittal.
You visited 1 branch of the dungeon, and saw 10 of its levels.

You collected 546 gold pieces.

Inventory:

Hand Weapons
 a - a +6 sling of flaming
 f - a +2 antimagic short sword
 i - a +2 mace of venom
 B - a +1 heavy scimitar
 G - a +2 quarterstaff of draining
 M - a +0 trident of flaming
 P - a +3 halberd
 Q - a +5 halberd
 R - a +1 battleaxe of draining
 Y - a +2 short sword of protection
Missiles
 n - 29 poisoned darts
 t - 14 atropa-tipped darts
 y - 2 datura-tipped darts
 F - 2 javelins
 L - 5 curare-tipped darts
Armour
 z - a +0 robe (worn)
 J - a +2 pair of gloves (worn)
 T - a +0 leather armour of cold resistance
 Z - an orb of wrath (worn)
Magical Staves
 b - a staff of fire (weapon)
Jewellery
 h - a ring of fire (left hand)
 H - a ring of magical power (right hand)
 K - an amulet of the acrobat
 O - an amulet of reflection (around neck)
Wands
 I - a wand of polymorph (8)
 S - a wand of mindburst (13)
 U - a wand of paralysis (17)
 V - a wand of light (1)
Scrolls
 k - 2 scrolls of immolation
 m - a scroll of enchant armour
 s - a scroll of brand weapon
 u - a scroll of magic mapping {unknown}
 v - a scroll of poison {unknown}
 w - a scroll of amnesia {unknown}
 x - 4 scrolls of teleportation
 A - a scroll of torment {unknown}
 E - a scroll of silence
Potions
 c - a potion of flight
 d - a potion of brilliance {unknown}
 e - a potion of degeneration {unknown}
 g - a potion of curing {unknown}
 j - 2 potions of magic
 l - 4 potions of heal wounds
 o - 3 potions of attraction
 p - 2 potions of might
 q - 2 potions of mutation {unknown}
 r - 3 potions of cancellation
 C - a potion of berserk rage
 D - a potion of haste {unknown}
 N - 2 potions of invisibility {unknown}
 W - a potion of lignification {unknown}
 X - a potion of resistance {unknown}


   Skills:
 + Level 5.7 Fighting
 + Level 5.2 Ranged Weapons
 + Level 5.2 Dodging
 - Level 3.1 Stealth
 + Level 5.9 Spellcasting
 * Level 5.3 Conjurations
 + Level 6.7 Fire Magic
 + Level 6.0 Air Magic


You had 5 spell levels left.
You knew the following spells:

 Your Spells              Type           Power      Damage    Failure   Level
a - Foxfire               Conj/Fire      100%       2x1d9     1%          1
b - Scorch                Fire           100%       2d9       1%          2
c - Swiftness             Air            29%        N/A       2%          3
d - Airstrike             Air            14%        2d(3-19)  9%          4
e - Fireball              Conj/Fire      30%        3d13      24%         5

Your spell library contained the following spells:

 Spells                   Type           Power      Damage    Failure   Level
 Shock                    Conj/Air       100%       1d9       1%          1
 Inner Flame              Hex/Fire       43%        N/A       8%          3
 Volatile Blastmotes      Fire/Tloc      86%        2d17      8%          3
 Flame Wave               Conj/Fire      61%        2d14      9%          4
 Sandblast                Erth           10%        2d5       11%         1
 Stone Arrow              Conj/Erth      32%        3d9       11%         3
 Lesser Beckoning         Tloc           10%        N/A       16%         2
 Passwall                 Tmut/Erth      4%         N/A       16%         2
 Sublimation of Blood     Necr           5%         N/A       16%         2
 Gell's Gravitas          Tloc           5%         N/A       32%         3
 Teleport Other           Tloc           5%         N/A       32%         3
 Irradiate                Conj/Tmut      8%         3d14      67%         5
 Petrify                  Tmut/Erth      5%         N/A       71%         4
 Plasma Beam              Fire/Air       31%        2x1d48    75%         6
 Starburst                Conj/Fire      30%        6d9       80%         6


Dungeon Overview and Level Annotations

Branches:
Dungeon (10/15)            Temple (0/1) D:4            Lair (0/5) D:8
    Orc: D:9-12

Altars:
Cheibriados
Gozag
Okawaru
Trog
Uskayaw
Wu Jian
Yredelemnul

Shops:
D:1 !:   D:2 [=:=   D:5 (


Innate Abilities, Weirdness & Mutations

Your serpentine skin is tough. (AC +3)
You have supernaturally acute eyesight. (SInv)
Armour fits poorly on your strangely shaped body.
Your system is resistant to poisons. (rPois)
You cover ground very slowly.
You can spit poison.
You have a snake-like lower body.


Message History

The killer bee stings you. The killer bee misses you.
You block the killer bee's attack.
Casting: Scorch (safe; 1% risk of failure)
Confirm with . or Enter, or press ? or * to list all spells.
You feel a strong surge of power!
Flames lash the killer bee.
The killer bee is burned terribly!
You kill the killer bee!
You have got your breath back.
You feel sick.
You hear a shout! x3
The killer bee stings you. x2
* * * LOW HITPOINT WARNING * * *
The killer bee stings you.
* * * LOW HITPOINT WARNING * * *
The killer bee stings you!
* * * LOW HITPOINT WARNING * * *
You are more poisoned.
The killer bee poisons you!
Casting: Scorch (safe; 1% risk of failure)
Confirm with . or Enter, or press ? or * to list all spells.
You feel a strong surge of power!
Flames lash the killer bee.
You kill the killer bee!
You feel sick. The killer bee completely misses you. The killer bee stings you.
* * * LOW HITPOINT WARNING * * *
A kobold comes into view. It is wielding a +0 whip.
A kobold brigand comes into view.
It is wielding a +0 short sword and quivering poisoned darts.
Your Air Magic skill increases to level 6!
You feel very buoyant.
You fly up into the air.
* * * LOW HITPOINT WARNING * * *
You feel sick. You block the killer bee's attack.
The killer bee stings you but does no damage.
It was a potion of berserk rage.
A red film seems to cover your vision as you go berserk!
You feel yourself moving faster!
You feel mighty!
* * * LOW HITPOINT WARNING * * *
You feel sick. The killer bee closely misses you. x2
The kobold brigand hits you with a +0 short sword.
You die...
Your body rises from the dead as a mindless zombie.

### # #+##.#
#.#..#.#
#!.KK..#
#y@.#
+.#.####
#......#
#....#.#
#....#.##
##+#....####
.....##.....#
.....
#.###.##
.....
#......####..


You could see a kobold brigand, a killer bee (combustible) and a kobold.

Vanquished Creatures
  A two-headed ogre (D:9)
  Joseph (D:7)
  Maggie (D:8)
  A troll (D:8)
  2 hornets
  A wyvern (D:8)
  An orc warrior (D:7)
  A black bear (D:5)
  An ogre (D:6)
  A tengu (D:5)
  2 wolves (D:8)
  3 phantoms
  4 bullfrogs
  A kobold brigand (D:5)
  A gnoll sergeant (D:6)
  2 scorpions
  9 wights
  5 killer bees
  An electric eel (D:8)
  A howler monkey (D:6)
  2 hounds
  5 orc priests
  2 sleepcaps
  Ijyb (D:5)
  4 iguanas
  6 orc wizards
  9 gnolls
  4 adders
  An ufetubus (D:6)
  A worm (D:5)
  5 dart slugs
  18 orcs
  10 endoplasms
  2 giant cockroaches (D:2)
  11 goblins
  7 hobgoblins
  3 jackals (D:4)
  5 quokkas
  6 ball pythons
  9 bats
  2 frilled lizards (D:1)
  17 kobolds
  5 rats
175 creatures vanquished.

Vanquished Creatures (collateral kills)
  A wyvern (D:8)
  2 orc warriors
  An ice beast (D:6)
  A sky beast (D:8)
  3 wolves (D:8)
  A bullfrog (D:9)
  A jelly (D:5)
  2 orc priests
  A shadow imp (D:6)
  2 orcs
  A hobgoblin (D:3)
16 creatures vanquished.

Vanquished Creatures (others)
  A bullfrog zombie (D:7)
  A spectral shadow imp (D:6)
  3 gnoll zombies (D:6)
  A goblin zombie (D:4)
  A kobold zombie (D:6)
  12 orc zombies
  A spectral ufetubus (D:6)
  138 foxfires
158 creatures vanquished.

Grand Total: 349 creatures vanquished

Notes
Turn   | Place    | Note
-------+----------+-------------------------------------------
     0 | D:1      | porkupine the Naga Fire Elementalist began the quest for
                  | the Orb.
     0 | D:1      | Reached XP level 1. HP: 15/15 MP: 3/3
   153 | D:1      | Found Togana Wiull's Book Shop.
   311 | D:1      | Reached XP level 2. HP: 22/22 MP: 0/5
   765 | D:1      | Reached XP level 3. HP: 23/28 MP: 4/6
   768 | D:1      | Learned a level 2 spell: Scorch
   785 | D:1      | Found Orghyutas's Distillery.
  1076 | D:2      | Found Foojuir's Jewellery Emporium.
  1089 | D:2      | Reached skill level 1 in Air Magic
  1296 | D:2      | Found Bebylom's Jewellery Shoppe.
  1346 | D:2      | Found Urut's Book Emporium.
  1434 | D:2      | Reached XP level 4. HP: 37/37 MP: 7/7
  1463 | D:2      | Noticed an animated plate armour
  1463 | D:2      | Noticed an animated gold dragon scales
  1466 | D:2      | Found Fetapihoo's Armour Shop.
  1914 | D:3      | Found a bloodstained altar of Trog.
  1915 | D:3      | Found a basalt altar of Yredelemnul.
  1918 | D:3      | Found an opulent altar of Gozag.
  1920 | D:3      | Reached skill level 1 in Fighting
  1924 | D:3      | Became a worshipper of Yredelemnul the Dark
  2321 | D:3      | Reached skill level 1 in Ranged Weapons
  2404 | D:3      | Found an ornate altar of the Wu Jian Council.
  3022 | D:4      | Noticed a phantom
  3029 | D:4      | Killed a phantom
  3030 | D:4      | Reached XP level 5. HP: 44/44 MP: 0/9
  3107 | D:4      | Found a staircase to the Ecumenical Temple.
  3284 | D:4      | Noticed a phantom
  3288 | D:4      | Killed a phantom
  3289 | D:4      | Reached XP level 6. HP: 52/52 MP: 3/10
  3403 | D:4      | Learned a level 3 spell: Swiftness
  3555 | D:4      | Reached * piety under Yredelemnul
  3738 | D:5      | Entered Level 5 of the Dungeon
  3961 | D:5      | Noticed Ijyb
  3970 | D:5      | Killed Ijyb
  4519 | D:5      | Found Etrocaxa's Antique Weapon Shoppe.
  4644 | D:5      | Noticed Dowan
  4644 | D:5      | Noticed Duvessa
  4647 | D:5      | Duvessa changed into Duvessa the tengu
  4647 | D:5      | Noticed Duvessa
  4651 | D:5      | Killed Duvessa the tengu
  4652 | D:5      | Reached XP level 7. HP: 61/61 MP: 11/11
  4653 | D:5      | Dowan changed into Dowan the kobold
  4653 | D:5      | Noticed Dowan
  4655 | D:5      | Killed Dowan the kobold
  5217 | D:6      | Found a hide-covered altar of Uskayaw.
  5410 | D:5      | Reached XP level 8. HP: 65/69 MP: 13/13
  5567 | D:6      | Reached skill level 5 in Fire Magic
  6328 | D:7      | Learned a level 4 spell: Airstrike
  6420 | D:7      | Reached XP level 9. HP: 78/78 MP: 15/15
  6914 | D:7      | Learned a level 5 spell: Fireball
  6986 | D:7      | Reached ** piety under Yredelemnul
  7110 | D:7      | Noticed Joseph
  7122 | D:7      | Killed Joseph
  7123 | D:7      | Reached *** piety under Yredelemnul
  7410 | D:7      | Found a snail-covered altar of Cheibriados.
  7516 | D:8      | Reached skill level 5 in Spellcasting
  7559 | D:8      | Noticed a troll
  7562 | D:8      | Killed a troll
  7563 | D:8      | Reached skill level 5 in Air Magic
  7595 | D:8      | Reached skill level 5 in Fighting
  7636 | D:8      | Reached XP level 10. HP: 88/88 MP: 9/17
  7829 | D:8      | Found a staircase to the Lair.
  8143 | D:8      | Noticed Maggie
  8154 | D:8      | Killed Maggie
  8437 | D:9      | Found an iron altar of Okawaru.
  8553 | D:8      | Reached skill level 5 in Dodging
  8749 | D:9      | Reached skill level 5 in Ranged Weapons
  8965 | D:9      | Reached skill level 5 in Conjurations
  9046 | D:9      | Noticed a two-headed ogre
  9052 | D:9      | Killed a two-headed ogre
  9462 | D:10     | Entered Level 10 of the Dungeon
  9496 | D:10     | HP: 3/91 [killer bee (5)]
  9498 | D:10     | Slain by a kobold brigand

Illustrated notes

Levels and vault maps discovered:
D:1:      eino_arrival_cavern_b, layout_basic, serial_shops,
          nicolae_shop_industrial_runoff, nicolae_book_shop_shelving,
          kennysheep_minor_cross, grunt_decor_resistance
D:2:      layout_loops_ring, serial_shops, nicolae_shop_mannequins, shop,
          nicolae_shop_getting_attention, nicolae_shop_getting_attention
D:3:      layout_basic, pdpol_wu_jian_five_deadly_venoms,
          grunt_temple_overflow_open, minmay_checkerbox
D:4:      layout_loops_ring, minmay_temple_entry_antechambers, minivault_4
D:5:      nicolae_cairo_tiling_large_dashed, layout_basic, serial_shops, shop,
          uniq_ijyb, uniq_duvessa
D:6:      layout_rooms, eat_drink_and_be_merry_uskayaw
D:7:      nicolae_BIG_FREAKIN_CUBE, layout_basic, mainiacjoe_overflow_alcove_1,
          uniq_joseph
D:8:      layout_basic, erik_lair_island, uniq_maggie
D:9:      layout_basic, okawaru_metal_pillars_3
D:10:     wander_kiku_kobolds, layout_basic, ashenzari_conservatory_becter,
          uniq_erica

Skill      XL: |  1  2  3  4  5  6  7  8  9 10 |
---------------+-------------------------------+-----
Dodging        | 2 3 4 5 |  5.2
Air Magic      | 1 2 3 4 5 6 |  6.0
Fighting       | 1 2 3 4 5 |  5.7
Ranged Weapons | 1 2 3 4 5 |  5.2
Spellcasting   | 3 4 5 |  5.9
Fire Magic     | 4 5 6 |  6.7
Conjurations   | 3 5 |  5.3
Stealth        | |  3.1

Action                     |  1- 3 |  4- 6 |  7- 9 | 10-12 || total
---------------------------+-------+-------+-------+-------++-------
  Melee: Unarmed           |     2 |       |       |       ||     2
         Mace              |    15 |     4 |       |       ||    19
         Staff             |       |       |     4 |     1 ||     5
   Fire: Sling             |       |    41 |    47 |    10 ||    98
   Cast: Foxfire           |    32 |     9 |    31 |     7 ||    79
         Scorch            |     9 |    40 |    95 |    51 ||   195
         Airstrike         |       |       |     4 |     9 ||    13
         Swiftness         |       |       |     1 |       ||     1
         Fireball          |       |       |       |     1 ||     1
Ability: Spit Poison       |    28 |    18 |    26 |     7 ||    79
  Evoke: Wand              |       |     3 |     1 |       ||     4
    Use: Scroll            |     1 |     2 |     6 |     4 ||    13
         Potion            |       |       |     1 |     2 ||     3
   Stab: Sleeping          |     1 |     1 |       |       ||     2
 Armour: Robe              |     3 |     5 |     6 |     8 ||    22
  Dodge: Dodged            |    14 |    11 |    43 |    36 ||   104
  Block: Other             |       |       |     5 |     9 ||    14
         Orb               |       |       |       |     6 ||     6
